 Dungeon Crawl Stone Soup version 0.22-a0-848-ge9e22a0 (webtiles) character file.

18 Amnesiac the Digger (level 2, -8/19 HPs)
             Began as a Mummy Earth Elementalist on July 26, 2018.
             Mangled by an ogre
             ... wielding a +0 giant spiked club
              (27 damage)
             ... on level 5 of the Dungeon.
             The game lasted 00:01:26 (665 turns).

Amnesiac the Digger (Mummy Earth Elementalist)       Turns: 665, Time: 00:01:26

Health: -8/19      AC:  2    Str: 11    XL:     2   Next: 48%
Magic:  6/6        EV: 12    Int: 14    God:
Gold:   72         SH:  0    Dex: 12    Spells: 4/7 levels left

rFire    . . .     SeeInvis .   f - +0 spear
rCold    . . .     Gourm    .   (no shield)
rNeg     + + +     Faith    .   c - +0 robe
rPois    ∞         Spirit   .   (no helmet)
rElec    .         Reflect  .   (no cloak)
rCorr    .         Harm     +   (no gloves)
MR       .....                  (no boots)
Stlth    ++........             a - amulet of harm
HPRegen  0.06/turn              g - ring of fire
MPRegen  0.10/turn              (no ring)

@: no status effects
A: no food or potions, fire vulnerability, cold resistance 1, negative energy
resistance 3, torment resistance, unbreathing
a: no special abilities


You were on level 5 of the Dungeon.
You were not hungry.

You visited 1 branch of the dungeon, and saw 5 of its levels.

You collected 72 gold pieces.

Inventory:

Hand Weapons
 f - a +0 spear (weapon)
Missiles
 b - 17 stones (quivered)
Armour
 c - a +0 robe (worn)
Jewellery
 a - an amulet of harm (around neck)
 g - a ring of fire (left hand)
Scrolls
 d - 2 scrolls of remove curse {!r, unknown}
 e - a scroll of identify {!r, unknown}


   Skills:
 - Level 1.5 Dodging
 - Level 1.5 Stealth
 + Level 3.0 Spellcasting
 - Level 0.7 Transmutations
 * Level 3.0 Earth Magic


You had 4 spell levels left.
You knew the following spells:

 Your Spells              Type           Power        Failure   Level  Hunger
a - Sandblast             Erth           ##....       6%          1    N/A
b - Passwall              Tmut/Erth      #.......     16%         2    N/A

Your spell library contained the following spells:

 Spells                   Type           Power        Failure   Level  Hunger
 Stone Arrow              Conj/Erth      #.....       34%         3    N/A
 Lee's Rapid Deconstruct  Erth           ##........   86%         5    N/A
 Petrify                  Tmut/Erth      #.......     69%         4    N/A

Dungeon Overview and Level Annotations

Branches:
Dungeon (4/15)
 Temple: D:4-7

Altars:
Okawaru
Ru


Innate Abilities, Weirdness & Mutations

You do not eat or drink.
Your flesh is vulnerable to fire.
You are immune to poison.
Your flesh is cold resistant. (rC+)
You are immune to negative energy. (rN+++)
You are immune to unholy pain and torment.
You can survive without breathing.


Message History

You see here a scroll labeled JUWKO DYCE {!r}.
d - 2 scrolls labeled JUWKO DYCE {!r} (gained 1)
There is a stone staircase leading down here.
You climb downwards.
An adder comes into view.
Found 21 gold pieces.
There is a stone staircase leading up here.
Casting: Sandblast (safe; 7% risk of failure)
Confirm with . or Enter, or press ? or * to list all spells.
Aiming: Sandblast (safe; 7% risk of failure)
Press: ? - help, Shift-Dir - straight line, f - adder
Aim: an adder (resting)
The blast of sand hits the adder.
The adder is heavily wounded.
The adder hisses angrily.
b - 18 stones The adder misses you.
Casting: Sandblast (safe; 7% risk of failure)
Confirm with . or Enter, or press ? or * to list all spells.
Aiming: Sandblast (safe; 7% risk of failure)
Press: ? - help, Shift-Dir - straight line, f/p - adder
Aim: an adder (heavily wounded)
The blast of sand hits the adder.
You kill the adder!
Your Spellcasting skill increases to level 3!
Your Earth Magic skill increases to level 3!
b - 17 stones
Casting: Sandblast (safe; 6% risk of failure)
Confirm with . or Enter, or press ? or * to list all spells.
You can't see any susceptible monsters within range! (Use Z to cast anyway.)
You start resting.
Magic restored.
You start resting.
Magic restored.
You now have 56 gold pieces (gained 21).
You now have 67 gold pieces (gained 11).
You now have 72 gold pieces (gained 5).
Found a ration.
You see here a ration.
You open the door.
There is an open door here.
Found a sacrificial altar of Ru.
Found a hand crossbow.
You fall through a shaft!
The shaft crumbles and collapses.
You hear the hiss of flowing sand.
There is an entrance to an ossuary on this level.
Hurry and find it before the portal is buried!
Found a pearl ring and a leather armour.
Found an iron altar of Okawaru.
Found a stone staircase leading down.
Unknown command.
Unknown command.
Unknown command.
Unknown command.
g - a pearl ring Put on which piece of jewellery? (? for menu, Esc to quit)
You feel more attuned to fire.
g - a ring of fire (left hand)
An ogre comes into view. It is wielding a giant spiked club.
The ogre shouts!
You hear the slow hiss of a very distant avalanche of sand.
You see here a leather armour.
The ogre hits you with a giant spiked club!!
Ouch! That really hurt!
You die...

.# .+ ..# ..#
##########..#
#.....@O....#
#.####.#....# #.#
#.#.#.## #.#
#.#.#.# ># #.#
#.#.#.##.# #.#
#.#......# #.#
#...#.#..### #.#
##..........
#.####...#.#..##.


You could see an ogre.

Vanquished Creatures
  An adder (D:4)
  A leopard gecko (D:1)
  A giant cockroach (D:3)
  2 hobgoblins (D:2)
  2 bats
  A rat (D:2)
8 creatures vanquished.

Notes
Turn   | Place    | Note
-------+----------+-------------------------------------------
     0 | D:1      | Amnesiac the Mummy Earth Elementalist began the quest for the Orb.
     0 | D:1      | Reached XP level 1. HP: 13/13 MP: 4/4
   417 | D:3      | Reached XP level 2. HP: 19/19 MP: 0/5
   421 | D:3      | Learned a level 2 spell: Passwall
   476 | D:3      | Noticed an ice beast
   564 | D:4      | Found a sacrificial altar of Ru.
   592 | D:4      | You fall through a shaft!
   592 | D:5      | Entered Level 5 of the Dungeon
   592 | D:5      | Found an iron altar of Okawaru.
   609 | D:5      | Noticed an ogre
   665 | D:5      | Mangled by an ogre

Vault maps used:
D:1:      evilmike_arrival_home_sweet_home, hangedman_decor_points,
          minmay_misc_feat_ornament, minivault_26, minmay_misc_feat_diagonals,
          hex_tiny
D:2:      small_statue_intersection
D:3:      lemuel_round_altar, uniq_crazy_yiuf_cottage
D:4:      marbit_many_paths, nicolae_gozag_seed_capital,
          gammafunk_temple_overflow_claw, nicolae_ru_awakened_eye, minivault_4,
          kennysheep_generic_room_2
D:5:      okawaru_metal_pillars_3, nicolae_ossuary_entry_catacombs,
          first_ration, kennysheep_generic_room_9, uniq_blork_the_orc

Skill      XL: |  1  2 |
---------------+-------+-----
Spellcasting   | 3 |  3.0
Earth Magic    | 3 |  3.0
Dodging        | |  1.5
Stealth        | |  1.5
Transmutations | |  0.7

Action                   || total
-------------------------++-------
Melee: Unarmed           ||     6
 Cast: Sandblast         ||    13
Armor: Robe              ||     2
Dodge: Dodged            ||     7

Table legend:
 A = Spawn XP
 B = Non-spawn XP
 C = Spawn XP percentage of total XP
 D = Spawn monster count
 E = Non-spawn monster count
 F = Spawn count percentage of total count
 G = Total turns spent on level
                    A         B        C        D         E        F      G
               +---------+---------+-------+---------+---------+-------+---------
         Total |       0 |      26 |   0.0 |       0 |       8 |   0.0 |   665
               +---------+---------+-------+---------+---------+-------+---------
           D:1 |       0 |       4 |   0.0 |       0 |       2 |   0.0 |   226
           D:2 |       0 |       7 |   0.0 |       0 |       4 |   0.0 |   165
           D:3 |       0 |       2 |   0.0 |       0 |       1 |   0.0 |    97
           D:4 |       0 |      13 |   0.0 |       0 |       1 |   0.0 |   104
               +---------+---------+-------+---------+---------+-------+---------
